 Dungeon Crawl Stone Soup version 0.28.0-1-gb440e238dd (webtiles) character file.

Game seed: 14714732778618407314

65 issech the Cudgeller (level 3, -4/36 HPs)
             Began as a Troll Monk on Feb 26, 2022.
             Killed from afar by Natasha (8 damage)
             ... with a magic dart
             ... on level 2 of the Dungeon.
             The game lasted 00:02:45 (816 turns).

issech the Cudgeller (Troll Monk)                    Turns: 816, Time: 00:02:46

Health: -4/36      AC:  4    Str: 19    XL:     3   Next: 94%
Magic:  2/2        EV: 10    Int:  6    God:
Gold:   79         SH:  0    Dex: 14    Spells: 2/2 levels left

rFire   . . .      SeeInvis .   a - +0 mace
rCold   . . .      Faith    .   (no shield)
rNeg    . . .      Spirit   .   b - +0 robe
rPois   .          Reflect  .   (helmet restricted)
rElec   .          Harm     .   (no cloak)
rCorr   .          Rampage  .   (gloves unavailable)
Will    .....                   (boots unavailable)
Stlth   ++........              (no amulet)
HPRegen 0.92/turn               (no ring)
MPRegen 0.08/turn               (no ring)

@: slowed, very slow
A: large, unfitting armour, claws 3, regeneration 1, shaggy fur 1, tough skin 1
a: no special abilities


You were on level 2 of the Dungeon.
You visited 1 branch of the dungeon, and saw 2 of its levels.

You collected 79 gold pieces.

Inventory:

Hand Weapons
 a - a +0 mace (weapon)
 g - a +0 hunting sling
Missiles
 e - 4 poisoned darts (quivered)
 f - 16 arrows
 h - 38 stones
Armour
 b - a +0 robe (worn)
Scrolls
 d - a scroll of fog {unknown}
Potions
 c - a potion of brilliance {unknown}


   Skills:
 + Level 2.8 Fighting
 + Level 3.5 Maces & Flails
 + Level 3.0 Dodging
 + Level 1.1 Stealth


You had 2 spell levels left.
You didn't know any spells.
Your spell library contained the following spells:

 Spells                   Type           Power      Damage    Failure   Level
 Magic Dart               Conj           0%         1d3       45%         1
 Pain                     Necr           0%         1d4       45%         1
 Searing Ray              Conj           0%         2d4       58%         2
 Fulminant Prism          Conj/Hex       0%         3d6       99%         4
 Agony                    Necr           0%         N/A       100%        5
 Excruciating Wounds      Necr           0%         N/A       100%        5


Dungeon Overview and Level Annotations

Branches:
Dungeon (2/15)

Altars:

Annotations:
D:2 Natasha


Innate Abilities, Weirdness & Mutations

You are too large for most types of armour.
You have claws for hands.
Your natural rate of healing is unusually fast.
You are covered in fur. (AC +1)
You have tough skin. (AC +1)


Message History

Natasha misses you.
You barely miss Natasha. Natasha claws you.
You hit Natasha but do no damage. Natasha closely misses you.
Natasha barely misses you.
You hit Natasha.
Natasha is moderately wounded.
Natasha claws you but does no damage. Natasha closely misses you.
You hit Natasha.
Natasha is heavily wounded.
Natasha misses you. Natasha casts a spell at you. The magic dart hits you.
The crimson imp blinks!
You hit Natasha.
Natasha is severely wounded.
The crimson imp disappears in a puff of smoke!
Natasha casts a spell.
Natasha stares at you and mumbles some strange words.
The magic dart hits you.
You hit Natasha. Your claw misses Natasha.
Natasha is almost dead.
Natasha claws you!
The white imp shouts, "Decamp, thou hateful wibble-sucking wagtail!"
Natasha claws you.
You barely miss Natasha.
Natasha is almost dead.
Natasha barely misses you. The white imp hits you. The white imp freezes you.
You closely miss Natasha.
Natasha is almost dead.
Natasha closely misses you. The white imp hits you. The white imp freezes you.
Natasha claws you.
* * * LOW HITPOINT WARNING * * *
The white imp hits you.
* * * LOW HITPOINT WARNING * * *
The white imp freezes you.
* * * LOW HITPOINT WARNING * * *
You hit Natasha but do no damage.
Natasha is almost dead.
Natasha casts a spell at you. The magic dart hits you!
You die...

#.#....##.......
#.#....##.#...
#.#....##.#.##
............#
.....#.##'#+###
#.#..#........#
#.##.#........# #
#.##.#........####.#$#
................@h...#
.....#...........5......
..............##########
#.........#...#
#..###....#...#
#.........#...#
.......†..#...# ###
....###†......# #.#
....###...#...#####.#


You could see Natasha and a white imp (summoned).

Vanquished Creatures
  3 adders (D:2)
  A worm (D:2)
  2 dart slugs (D:1)
  3 endoplasms (D:1)
  2 giant cockroaches
  4 goblins (D:1)
  5 hobgoblins
  A kobold (D:1)
  2 ball pythons
  4 bats (D:1)
  A rat (D:1)
28 creatures vanquished.

Notes
Turn   | Place    | Note
-------+----------+-------------------------------------------
     0 | D:1      | issech the Troll Monk began the quest for the Orb.
     0 | D:1      | Reached XP level 1. HP: 22/22 MP: 0/0
    66 | D:1      | Found a faded altar of an unknown god.
   146 | D:1      | Reached XP level 2. HP: 25/29 MP: 1/1
   390 | D:1      | Reached XP level 3. HP: 35/36 MP: 2/2
   801 | D:2      | Noticed Natasha
   816 | D:2      | Killed from afar by Natasha

Illustrated notes

Levels and vault maps discovered:
D:1:      ncdulo_watergridlock, layout_basic,
          dreamdust_ecumenical_altar_hidden_monk_grotto
D:2:      layout_basic, uniq_natasha

Skill      XL: |  1  2  3 |
---------------+----------+-----
Maces & Flails | 3 |  3.5
Dodging        | 3 |  3.0
Fighting       | |  2.8
Stealth        | |  1.1

Action                   || total
-------------------------++-------
Melee: Mace              ||   111
 Stab: Sleeping          ||     1
Armor: Robe              ||    60
Dodge: Dodged            ||    98
